Cogmind - Beta 17.1 @@@ ROGUE MODE // 2026.09.14 @ 20:41:08 Player: Bean Result: Destroyed by G-47 Trooper with Particle Gun Performance ------------- Evolutions (2) 1000 Regions Visited (5) 1000 Robots Destroyed (29) 145 Value Destroyed (1108) 1108 Prototype IDs (3) 60 Alien Tech Used (0) 0 Bonus (280) 280 TOTAL SCORE: 3593 Bonus ------- Pacifist 200 Follower Combat Kills 107 Friendly Fire -27 Cogmind --------- Core Integrity 0/550 Matter 300/300 Energy 100/100 System Corruption 0% Temperature Cool (9) Movement Core (50) Location -8/Storage Parts ------- > --- POWER (1) -------- (None) > --- PROPULSION (3) --- (None) > --- UTILITY (4) ------ (None) > --- WEAPON (3) ------- (None) > --- INVENTORY (5) ---- Improved Ion Engine Airjet Plasma Cannon Plasma Cannon Heavy Flail Peak State ------------ > --- POWER ------------ Light Nuclear Core > --- PROPULSION ------- Light Treads Light Treads Light Treads > --- UTILITY ---------- Heat Sink Heat Sink Heavy Armor Plating > --- WEAPON ----------- Plasma Cannon Plasma Cannon Plasma Cannon > --- INVENTORY -------- Improved Ion Engine Plasma Cannon Advanced EMP Blaster Heavy Flail [Rating: 27] Favorites ----------- Power Improved Ion Engine Engine Improved Ion Engine Power Core Light Nuclear Core Propulsion Light Treads Treads Light Treads Leg Aluminum Leg Utility Improved Targeting Computer Device Heat Sink Storage Small Storage Unit Processor Improved Targeting Computer Protection Light Armor Plating Weapon Heavy Assault Rifle Energy Gun Beam Rifle Energy Cannon Plasma Cannon Ballistic Gun Heavy Assault Rifle Ballistic Cannon Improved Light Cannon Launcher Advanced EMP Blaster Build | -11 -10 -10 -9 -8 -8 ------- Run | Yrd Mat Min Mat Mat Sto Slots Evolved 4 | . . . 2 2 . Power . | . . . . . . Propulsion 1 | . . . 1 . . Utility 2 | . . . 1 1 . Weapon 1 | . . . . 1 . Parts Attached 32 | 7 1 . 11 12 1 Power 4 | 1 . . 2 1 . Engine 3 | 1 . . 2 . . Core 1 | . . . . 1 . Reactor . | . . . . . . Propulsion 8 | 2 . . 4 2 . Treads 5 | . . . 3 2 . Leg 3 | 2 . . 1 . . Wheel . | . . . . . . Hover . | . . . . . . Flight . | . . . . . . Utility 9 | 1 1 . 3 4 . Device 3 | . . . 1 2 . Storage 1 | 1 . . . . . Processor 2 | . 1 . 1 . . Hackware . | . . . . . . Protection 3 | . . . 1 2 . Artifact . | . . . . . . Weapon 11 | 3 . . 2 5 1 Energy Gun 1 | . . . . 1 . Energy Cannon 3 | . . . . 3 . Ballistic Gun 5 | 3 . . 2 . . Ballistic Cannon 1 | . . . . 1 . Launcher 1 | . . . . . 1 Special Weapon . | . . . . . . Impact Weapon . | . . . . . . Slashing Weapon . | . . . . . . Piercing Weapon . | . . . . . . Special Melee Weapon . | . . . . . . Unidentified Prototypes 1 | . . . . . 1 Parts Lost 11 | . . . 3 3 5 Power 1 | . . . 1 . . Propulsion 2 | . . . . . 2 Utility 5 | . . . . 2 3 Weapon 3 | . . . 2 1 . Highest Loss Streak 5 | . . . 3 2 5 To Critical Strikes . | . . . . . . Average Backups 4 | 1 3 6 4 3 3 Power . | . 1 1 . . 1 Propulsion . | . . 1 . . . Utility 1 | . 1 2 1 . . Weapon 1 | . 1 2 1 2 2 Tool/Special . | . . . . . . Unused Backups 11 | . . . 5 3 3 Power 1 | . . . . . 1 Propulsion 3 | . . . 2 1 . Utility 2 | . . . . 2 . Weapon 5 | . . . 3 . 2 Tool/Special . | . . . . . . Average Slot Usage (%) 91 | . 98 100 96 91 68 Engine 8 | . 14 14 10 3 . Core 2 | . . . . 5 7 Treads 17 | . . . 16 27 20 Leg 11 | . 28 28 14 . . Device 4 | . . . 2 6 12 Storage 3 | . 14 14 3 . . Processor 15 | . 12 14 20 15 . Protection 5 | . . . 5 7 6 Energy Gun 1 | . . . . 4 . Energy Cannon 5 | . . . . 12 21 Ballistic Gun 15 | . 28 28 21 3 . Ballistic Cannon 1 | . . . . 4 . Peak Build Rating 27 | 6 8 8 16 26 27 Average Rating 14 | 3 7 8 13 20 18 On Entrance 10 | . 6 8 8 14 26 Avg Prop Armor Cover (%) 6 | . . . 6 . . Naked Turns 55 | . . . . . 55 Heaviest Build 43 | 14 14 14 16 43 43 Greatest Support 60 | 20 20 20 60 60 60 Greatest Overweight (x) 2 | 2 . . . . . Average Overweight (x) . | . . . . . . Largest Inventory Capacity 8 | 8 8 8 8 5 5 Average Capacity 5 | 7 8 8 5 5 5 Most Carried 6 | 4 6 6 6 5 5 Average Carried 4 | 1 4 6 4 3 3 Final Capacity 8 | 8 8 8 5 5 5 Final Carried 6 | 2 6 6 5 3 5 Class Distribution -------------------- 41% | Mutant 31% | Scavenger-Mutant 15% | Scavenger-Gunner 11% | Scavenger-Tank Dominant Class ---------------- Mutant | -10/Materials Mutant | -10/Mines Scavenger-Mutant | -9/Materials Scavenger-Gunner | -8/Materials Scavenger-Tank | -8/Storage Resources | -11 -10 -10 -9 -8 -8 ----------- Run | Yrd Mat Min Mat Mat Sto Matter Collected 856 | 219 . . 410 207 20 Remotely . | . . . . . . Salvage Created 1279 | . . . 654 428 197 Parts 60 | . . . 35 18 7 Haulers Intercepted . | . . . . . . Recyclers Shooed . | . . . . . . Parts Field Recycled . | . . . . . . Retrieved Matter . | . . . . . . Parts Self-Destructed . | . . . . . . Prevented . | . . . . . . Parts Restored . | . . . . . . Kills | -11 -10 -10 -9 -8 -8 ------- Run | Yrd Mat Min Mat Mat Sto Combat Hostiles Destroyed 23 | . . . 10 9 4 Melee 1 | . . . . 1 . Guns 12 | . . . 10 2 . Cannons 8 | . . . . 6 2 Classes Destroyed 7 | . . . 4 2 1 Worker 1 | . . . . 1 . Recycler 1 | . . . 1 . . Watcher 4 | . . . 3 1 . Grunt 10 | . . . 5 3 2 Duelist 1 | . . . . . 1 Sentry 11 | . . . 5 5 1 Hunter 1 | . . . . 1 . Best Kill Streak 7 | . . . 7 3 1 Combat Bots Only 6 | . . . 6 2 1 Max Kills in Single Turn 1 | . . . 1 1 1 Gunslinging . | . . . . . . Exploded . | . . . . . . Melee 1 | . . . . 1 . Uniques/NPCs Destroyed . | . . . . . . Combat | -11 -10 -10 -9 -8 -8 -------- Run | Yrd Mat Min Mat Mat Sto Hostile Shots Fired 239 | . . . 80 63 96 Missed 58 | . . . 21 16 21 Hits 181 | . . . 59 47 75 Projectile 181 | . . . 59 47 75 Critical Strikes 6 | . . . 2 . 4 Damage Taken 2789 | . . . 787 803 1199 Core 746 | . . . 195 122 429 Absorbed by Shields . | . . . . . . Core Remaining (%) 83 | 100 . 100 51 . . Volleys Fired 87 | . . . 45 31 11 Largest 3 | . . . 2 3 3 Hottest 240 | . . . 46 240 240 Shots Fired 197 | . . . 88 76 33 Gun 124 | . . . 88 36 . Cannon 73 | . . . . 40 33 Launcher . | . . . . . . Special . | . . . . . . Kinetic 123 | . . . 88 35 . Thermal 74 | . . . . 41 33 Explosive . | . . . . . . Electromagnetic . | . . . . . . Robot Hit Streak 37 | . . . 37 8 8 Robot Miss Streak 4 | . . . 2 4 3 Penetration Max . | . . . . . . Secondary Targets 2 | . . . 2 . . Max Gunslinging Chain 1 | . . . 1 . . Shots Hit Robots 145 | . . . 72 52 21 Core Hits 60 | . . . 27 25 8 Critical Kills 2 | . . . . . 2 Critical Parts Destroyed 1 | . . . 1 . . Critical Strikes 6 | . . . 1 3 2 Burn 2 | . . . . 2 . Meltdown 2 | . . . . . 2 Destroy 1 | . . . 1 . . Blast 1 | . . . . 1 . Melee Attacks . | . . . . . . Impact . | . . . . . . Slashing . | . . . . . . Piercing . | . . . . . . Sneak Attacks . | . . . . . . Combat Hostiles . | . . . . . . Follow-up Attacks . | . . . . . . Damage Inflicted 2583 | . . . 927 1021 635 Guns 1313 | . . . 927 386 . Cannons 1249 | . . . . 615 634 Explosions . | . . . . . . Melee . | . . . . . . Ramming 21 | . . . . 20 1 Kinetic 1412 | . . . 927 485 . Thermal 1150 | . . . . 516 634 Explosive . | . . . . . . Electromagnetic . | . . . . . . Impact . | . . . . . . Slashing . | . . . . . . Piercing . | . . . . . . Highest Corruption . | . . . . . . Average Corruption . | . . . . . . Corruption Purged . | . . . . . . Corruption Blocked . | . . . . . . Overload Shots . | . . . . . . Overflow Damage . | . . . . . . Projectiles . | . . . . . . Explosions . | . . . . . . Melee . | . . . . . . Knockbacks 3 | . . . . 3 . Impact . | . . . . . . Kinetic 3 | . . . . 3 . Secondary . | . . . . . . Self-Inflicted Damage . | . . . . . . Shots . | . . . . . . Rammed 12 | . . . . 10 2 Targets Rammed 12 | . . . . 10 2 Kicked . | . . . . . . Crushed . | . . . . . . Highest Temperature 472 | . . . 19 452 472 Average Temperature 174 | . . . 4 173 220 Received Heat Transfer 1377 | . . . 369 342 666 Effects 6 | . . . . 3 3 Shutdowns 2 | . . . . . 2 Energy Bleed 1 | . . . . . 1 Interference 3 | . . . . 3 . Siege Activations . | . . . . . . Martial Activations . | . . . . . . Shielding Activations . | . . . . . . Robots Disrupted . | . . . . . . Combat Hostiles . | . . . . . . Robots Corrupted . | . . . . . . Combat Hostiles . | . . . . . . Parts Fried . | . . . . . . Impact Corruptions . | . . . . . . Robots Melted 2 | . . . . . 2 Combat Hostiles 2 | . . . . . 2 Parts Melted 5 | . . . . 3 2 Heat Transferred 2564 | . . . . 1314 1250 Parts Sabotaged . | . . . . . . Parts Stolen . | . . . . . . Parts Stripped . | . . . . . . Power Chain Reactions . | . . . . . . Alert | -11 -10 -10 -9 -8 -8 ------- Run | Yrd Mat Min Mat Mat Sto Maximum Alert Level . | . . . . . . Low Security (%) 100 | 100 100 100 100 100 100 Level 1 . | . . . . . . Level 2 . | . . . . . . Level 3 . | . . . . . . Level 4 . | . . . . . . Level 5 . | . . . . . . High Security . | . . . . . . Max Security . | . . . . . . Peak Influence 112 | . 8 4 112 84 85 Initial 27 | . . . . . 27 Average 36 | . 1 . 43 42 45 Influence Increases 852 | . 14 4 312 284 238 Destroy 0b10 Robot/C 520 | . . . 200 180 140 Destroy 0b10 Robot/NC 30 | . . . 20 10 . Destroy Leader 168 | . . . 76 72 20 Allied During Kill 10 | . . . . . 10 Successful Hack 18 | . 14 4 . . . Disable Machine 15 | . . . . 15 . Destroy Structure 16 | . . . 1 7 8 Partial Spotted 15 | . . . 15 . . Lose Combat Pursuer 60 | . . . . . 60 Influence Decreases 784 | . 14 4 312 218 236 Entered New Map 39 | . . . . . 39 Time Decay 595 | . 14 4 282 188 107 Lost Part 110 | . . . 30 30 50 Lost Ally 40 | . . . . . 40 Squads Dispatched 5 | . 1 . 1 . 3 Investigation 1 | . . . . . 1 Extermination . | . . . . . . Reinforcement 2 | . 1 . 1 . . Assault 2 | . . . . . 2 Garrison . | . . . . . . Intercept . | . . . . . . Searches Triggered . | . . . . . . Construction Impeded . | . . . . . . Haulers Reinforced . | . . . . . . Active Scanning Responses . | . . . . . . Cargo Convoy Interrupts . | . . . . . . Stealth | -11 -10 -10 -9 -8 -8 --------- Run | Yrd Mat Min Mat Mat Sto Distress Signals 5 | . . . 1 2 2 Communications Jammed . | . . . . . . Distress Signals . | . . . . . . Times Spotted 56 | . 1 . 15 11 29 Peak Tracking Total 15 | . 1 . 5 4 15 Tactical Retreats 1 | . . . . . 1 Traps | -11 -10 -10 -9 -8 -8 ------- Run | Yrd Mat Min Mat Mat Sto Traps Triggered . | . . . . . . Indirectly . | . . . . . . Trap Hack Attempts . | . . . . . . Triggered . | . . . . . . Disarmed . | . . . . . . Reprogrammed . | . . . . . . Reused . | . . . . . . Traps Extracted . | . . . . . . Installed . | . . . . . . Triggered . | . . . . . . Machines | -11 -10 -10 -9 -8 -8 ---------- Run | Yrd Mat Min Mat Mat Sto Machines Disabled 1 | . . . . 1 . Max in Single Turn 1 | . . . . 1 . Machines Repaired . | . . . . . . Machines Dismantled . | . . . . . . Machines Sabotaged . | . . . . . . Overloaded Fab Kills . | . . . . . . Hacking | -11 -10 -10 -9 -8 -8 --------- Run | Yrd Mat Min Mat Mat Sto Machines Accessed 6 | . 2 1 1 . 2 Terminals 6 | . 2 1 1 . 2 Fabricators . | . . . . . . Repair Stations . | . . . . . . Recycling Units . | . . . . . . Scanalyzers . | . . . . . . Garrison Access . | . . . . . . Total Hacks 13 | . 6 3 1 . 3 Successful 6 | . 4 1 . . 1 Failed 7 | . 2 2 1 . 2 Catastrophic 2 | . . . 1 . 1 Database Lockouts . | . . . . . . Manual 7 | . 4 2 1 . . Terminals 13 | . 6 3 1 . 3 Fabricators . | . . . . . . Repair Stations . | . . . . . . Recycling Units . | . . . . . . Scanalyzers . | . . . . . . Garrison Access . | . . . . . . Terminal Hacks 4 | . 2 1 . . 1 Prototype ID Bank 1 | . 1 . . . . Open Door 1 | . . . . . 1 Terminal Index 1 | . 1 . . . . Dispatch Records 1 | . . 1 . . . Fabricator Hacks . | . . . . . . Repair Station Hacks . | . . . . . . Recycling Unit Hacks . | . . . . . . Scanalyzer . | . . . . . . Garrison Access Hacks . | . . . . . . Unauthorized Hacks 2 | . 2 . . . . Terminals 2 | . 2 . . . . Botnet 2 | . 2 . . . . Fabricators . | . . . . . . Repair Stations . | . . . . . . Recycling Units . | . . . . . . Scanalyzers . | . . . . . . Garrison Access . | . . . . . . Data Cores Recovered . | . . . . . . Used . | . . . . . . Hacking Detections 5 | . 1 1 1 . 2 Full Trace Events 1 | . . . . . 1 Feedback Events . | . . . . . . Feedback Blocked . | . . . . . . Robot Schematics Acquired . | . . . . . . Robots Built . | . . . . . . Authchips . | . . . . . . Time . | . . . . . . Total Robot Build Rating . | . . . . . . Part Schematics Acquired . | . . . . . . Parts Built . | . . . . . . Authchips . | . . . . . . Time . | . . . . . . Total Part Build Rating . | . . . . . . Part Studies Acquired . | . . . . . . Parts Repaired . | . . . . . . Time . | . . . . . . Parts Recycled . | . . . . . . Recycled Matter . | . . . . . . Retrieved Matter . | . . . . . . Retrieved Components . | . . . . . . Parts Scanalyzed . | . . . . . . Part Schematics Acquired . | . . . . . . Parts Damaged . | . . . . . . Bothacking | -11 -10 -10 -9 -8 -8 ------------ Run | Yrd Mat Min Mat Mat Sto Used RIF Installer . | . . . . . . Robots Hacked . | . . . . . . Non-combat . | . . . . . . Combat . | . . . . . . Robot Hacks Applied . | . . . . . . Relay Couplers Released . | . . . . . . Fabnet Peak Effective % . | . . . . . . Robots Rewired . | . . . . . . Allies Hacked . | . . . . . . Hacks Repelled . | . . . . . . Allies | -11 -10 -10 -9 -8 -8 -------- Run | Yrd Mat Min Mat Mat Sto Total Allies 2 | . . . . . 2 Largest Group 2 | . . . . . 2 Highest-Rated Group 62 | . . . . . 62 Highest-Rated Ally 31 | . . . . . 31 Total Orders . | . . . . . . Ally Attacks 25 | . . . . . 25 Total Damage 381 | . . . . . 381 Kills 3 | . . . . . 3 Allies Corrupted . | . . . . . . Allies Melted . | . . . . . . Intel | -11 -10 -10 -9 -8 -8 ------- Run | Yrd Mat Min Mat Mat Sto Active Infowar (turns) 197 | . . . 197 . . Sensors 197 | . . . 197 . . Robot Analysis Total . | . . . . . . Derelict Logs Recovered . | . . . . . . Drone Launches . | . . . . . . Drone Recoveries . | . . . . . . Exploration | -11 -10 -10 -9 -8 -8 ------------- Run | Yrd Mat Min Mat Mat Sto Turns Passed 1718 | 63 155 81 783 413 223 Spaces Moved 981 | 39 120 62 428 155 177 Core 118 | 11 . . . . 107 Treads 453 | . . . 228 155 70 Legs 410 | 28 120 62 200 . . Wheels . | . . . . . . Hover . | . . . . . . Flight . | . . . . . . Fastest Speed 50 | 50 120 120 120 160 50 Average Speed 130 | 118 120 120 141 160 93 Slowest Speed 160 | 150 120 120 160 160 160 Overloaded Moves . | . . . . . . Propulsion Burnouts . | . . . . . . Robots Hopped . | . . . . . . Potential Cave-ins . | . . . . . . Cave-ins Triggered . | . . . . . . Exploration Rate (%) 24 | 4 24 12 26 24 58 Regions Visited 5 Branch Regions 2 Pre-discovered Areas . | . . . . . . Known Exits Taken . | . . . . . . Unknown Exits Taken 5 | 1 1 1 1 1 . Scrap Searched . | . . . . . . Spaces Dug . | . . . . . . Terrain Destroyed 14 | . . . . 6 8 Melee . | . . . . . . Projectile 14 | . . . . 6 8 AOE . | . . . . . . Terrain Rammed . | . . . . . . Walls Destroyed . | . . . . . . Machines Disabled . | . . . . . . Actions | -11 -10 -10 -9 -8 -8 --------- Run | Yrd Mat Min Mat Mat Sto Total 1242 | 55 131 68 524 252 212 Wait 55 | 2 6 7 10 19 11 Move 976 | 38 119 61 427 154 177 Hop . | . . . . . . Pick Up 46 | 8 5 . 17 14 2 Fast Attach . | . . . . . . Attach 21 | 6 1 . 7 6 1 Detach 2 | . . . . . 2 Swap 13 | 1 . . 5 6 1 Drop 30 | . . . 13 12 5 Fire 87 | . . . 45 31 11 Melee . | . . . . . . Ram 1 | . . . . . 1 Kick . | . . . . . . Crush 11 | . . . . 10 1 Escape Stasis . | . . . . . . Rewire . | . . . . . . Trap . | . . . . . . Miscellaneous . | . . . . . . Route ------- -11/Scrapyard -10/Materials -10/Mines -9/Materials -8/Materials -8/Storage History --------- Turn | Location | Event 10 | -11/Scrapyard | Discovered new exit (range 16) 64 | -11/Scrapyard | Entered Materials 198 | -10/Materials | Discovered new exit (range 16) 219 | -10/Materials | Entered Mines 245 | -10/Mines | Discovered new exit (range 9) 300 | -10/Mines | Build established: Mutant 300 | -10/Mines | Entered Materials 300 | -9/Materials | Evolved 2 slots: Propulsion x1, Utility x1 444 | -9/Materials | Lost 3 parts (1p2w) 841 | -9/Materials | Discovered new exit (range 13) 966 | -9/Materials | Build established: Scavenger-Mutant 1083 | -9/Materials | Entered another Materials area 1083 | -8/Materials | Evolved 2 slots: Utility x1, Weapon x1 1472 | -8/Materials | Discovered new exit (range 15) 1496 | -8/Materials | Entered Storage 1508 | -8/Storage | Met a pair of Derelict thieves 1667 | -8/Storage | Core integrity fell below 50% 1695 | -8/Storage | Lost 5 parts (2n3u) 1709 | -8/Storage | Core integrity fell below 20% 1719 | -8/Storage | Destroyed by G-47 Trooper with Particle Gun Last Messages --------------- K-01 Serf collects debris. R-06 Scavenger collects Imp. Ion Engine. Lgt. Treads destroyed. Dropped Lgt. Treads. Dropped Plasma Cannon. Dropped Lgt. Nuclear Core. K-01 Serf collects debris. Heat Sink destroyed. W-25 Informer sends out distress signal. K-01 Serf collects debris. W-25 Informer sends out distress signal. Connecting with Door Terminal... K-01 Serf collects debris. Connecting with Door Terminal... ALERT: Suspicious activity at Terminal S010. Dispatching Investigation squad. K-01 Serf collects debris. Slammed into A-02 Transporter. Dropped Plasma Cannon. Acquired Airjet. Map ----- +----------------------------------------------------+ | ???????# + ??????? | | ???????#!!!!" # ??????? | | ????????????#T#### ###########+?????????? | | ????????????##???# #????????????????????? | | ?????????????????# #????????????????????? | | ?????????????????# #????????????????????? | | ?????????????????# #????????????????????? | | ?????????????????# #????????????????????? | | ????????########## #????????????????????? | | ????????# #????????????????????? | | ????????# ###??????????????????? | | ????????# + "??????????????????? | | ????????# #T#??????????????????? | | ????????# ###??????????????????? | | ????????# ####????????????????????? | | ????????####### #???????????????????????? | | ??????????????# #???????????????????????? | | ??????????????# #???????????????????????? | | ??????????????#%#???????????????????????? | | ?????????######+###?????????????????????? | | ?????????# g #?????????????????????? | | ?????????# a #?????????????????????? | | ?????????# #?????????????????????? | | ?????????# g #?????????????????????? | | ?????????#! g *#?????????????????????? | | ?????????# g u@ #?????????????????????? | | ?????????# u! ] #?????????????????????? | | ?????????# #?????????????????????? | | ?????????# #?????????????????????? | | ?????????#####g####?????????????????????? | | ?????????????g ?????????????????????????? | | ????????????g ?????????????????????????? | | ???????????? ?????????????????????????? | | ???????????####?????????????????????????? | | ????????????????????????????????????????? | | ????????????????????????????????????????? | | ????????????????????????????????????????? | | ????????????????????????????????????????? | | | | | | | | | | | | | | | | | | | | | | | | | +----------------------------------------------------+ Best States ------------- Heat Dissipation 51 Energy Generation 14 Energy Capacity 265 Matter Stores 300 Matter Capacity 300 Sight Range 16 Robot Scan Range 15 Terrain Scan Density 10 Armor Coverage 600 Evasion (%) 55 Targeting Accuracy 12 Recoil Reduction 3 Item Schematics ----------------- None Robot Schematics ------------------ None Fabricated ------------ Nothing Repaired ---------- Nothing Studied --------- None Alien Tech Used ----------------- None Achievements -------------- None Challenges ------------ None Game ------ Seed CoordinationArmoredSink Manual? 0 Play Time 00:18:43 Cumulative 43.9 hours Start 2026.09.14 @ 20:24:44 End 2026.09.14 @ 20:41:08 Sessions 1 Manual Loads 0 Difficulty Rogue Special Mode None Game No. 99 Rogue 99 Adventurer 0 Explorer 0 Win Type - Total 0 Types 0/0/0/0/0/0/0/0/0/0 Lore% 24 Gallery% 33 Achievement% 22 Wizard Run 0 Options --------- Layout 2 ASCII 0 Keyboard 0 Movement Numpad Keybinds 0 Fullscreen 1 Font 24/Smallcaps Map View 50x44 Zoom Use 0% Tactical HUD 0 Map Filters NONE Filters NONE Steam 1 RUN: 844fc367-f915-42c4-8b85-595b42e68328